 Dungeon Crawl Stone Soup version 0.26-a0-611-g354ed81 (webtiles) character file.

Game seed: 14397597104803702501

229 Blackhawk the Skirmisher (level 5, 0/48 HPs)
             Began as a Minotaur Berserker on Sept 5, 2020.
             Was a Believer of Trog.
             Killed from afar by an orc wizard (7 damage)
             ... with a magic dart
             ... on level 3 of the Dungeon.
             The game lasted 00:03:28 (2565 turns).

Blackhawk the Skirmisher (Minotaur Berserker)       Turns: 2565, Time: 00:03:29

Health: 0/48       AC: 11    Str: 22    XL:     5   Next: 71%
Magic:  4/4        EV:  9    Int:  4    God:    Trog [**....]
Gold:   122        SH:  0    Dex: 10    Spells: 4/4 levels left

rFire    . . .     SeeInvis .   b - +1 dagger (venom)
rCold    + . .     Faith    .   (no shield)
rNeg     . . .     Spirit   .   n - +0 chain mail
rPois    .         Reflect  .   (helmet restricted)
rElec    .         Harm     .   e - +0 cloak
rCorr    .                      (no gloves)
MR       .....                  m - +0 pair of boots
Stlth    ..........             (no amulet)
HPRegen  0.16/turn              p - ring of protection from cold
MPRegen  0.09/turn              (no ring)

@: no status effects
A: retaliatory headbutt, horns 2
a: Berserk, Trog's Hand, Renounce Religion


You were on level 3 of the Dungeon.
You worshipped Trog.
Trog was pleased with you.
You visited 1 branch of the dungeon, and saw 4 of its levels.

You collected 122 gold pieces.

Inventory:

Hand Weapons
 a - a +0 hand axe
 b - a +1 dagger of venom (weapon)
Armour
 e - a +0 cloak (worn)
 f - a +0 animal skin
 m - a +0 pair of boots (worn)
 n - a +0 chain mail (worn)
Jewellery
 p - a ring of protection from cold (left hand)
Wands
 o - a wand of iceblast (3)
Scrolls
 g - a scroll of noise {unknown}
 h - 2 scrolls of identify {unknown}
 j - 3 scrolls of teleportation {unknown}
 l - 2 scrolls of remove curse {unknown}
Potions
 c - a potion of haste {unknown}
 d - 2 potions of flight {unknown}
 i - a potion of degeneration {unknown}
 k - a potion of mutation {unknown}


   Skills:
 + Level 5.0 Fighting
 + Level 5.0 Axes
 + Level 4.1 Armour
 + Level 3.7 Dodging


You had 4 spell levels left.
You didn't know any spells.
Your spell library was empty.

Dungeon Overview and Level Annotations

Branches:
Dungeon (4/15)
 Temple: D:4-7

Altars:
Cheibriados


Innate Abilities, Weirdness & Mutations

You reflexively headbutt those who attack you in melee.
You have a pair of horns on your head.


Message History

You kill the orc priest!
Trog accepts your kill.
Your Fighting skill increases to level 5!
Your Axes skill increases to level 5!
The orc wizard hits you but does no damage.
The orc wizard hits you with a +0 dagger.
* * * LOW HITPOINT WARNING * * *
You feel less confused.
You hit the orc wizard but do no damage.
The orc wizard is poisoned.
The orc wizard casts a spell.
The orc wizard flickers and vanishes!
Deactivating autopickup; reactivate with Ctrl-A.
You hit something but do no damage. Your headbutt misses something.
Something hits you but does no damage.
You completely miss something. Your headbutt misses something.
You hear some strange, mumbled words.
A magic dart appears from out of thin air!
The magic dart hits you!
You die...

#.##..# #.#..#######
#.##.## #.#.## #.[.
#.##.# #.#.#####.##
#.##.# #.#....##...
#.##.#####.#........#
#..........#....##.##
####.>)........#.....
#){##..)........).
#@.##.###...#.#.##
#..##.# #...#.#.##
#..##.###...#.#)..
#...)...........##
###.####...........
#..............#.##
#.#.###.......##.#
#.#.# #..........#
#.#.####.....#####


There were no monsters in sight!

Vanquished Creatures
  An ogre (D:3)
  2 orc priests (D:3)
  2 adders (D:2)
  2 oozes (D:2)
  An adder skeleton (D:4)
  A worm (D:2)
  2 dart slugs
  3 leopard geckos
  An orc (D:3)
  3 giant cockroaches
  6 hobgoblins
  A quokka (D:2)
  5 bats
  4 frilled lizards (D:1)
  8 goblins
  5 kobolds
  2 rats (D:3)
49 creatures vanquished.

Notes
Turn   | Place    | Note
-------+----------+-------------------------------------------
     0 | D:1      | Blackhawk the Minotaur Berserker began the quest for the
                  | Orb.
     0 | D:1      | Reached XP level 1. HP: 19/19 MP: 0/0
   202 | D:1      | Reached XP level 2. HP: 27/27 MP: 1/1
   857 | D:2      | Reached XP level 3. HP: 29/33 MP: 2/2
  1260 | D:2      | Reached ** piety under Trog
  1598 | D:3      | Reached XP level 4. HP: 41/41 MP: 3/3
  2072 | D:3      | Found a snail-covered altar of Cheibriados.
  2267 | D:4      | Noticed an ogre
  2286 | D:3      | Killed an ogre
  2286 | D:3      | Reached XP level 5. HP: 9/47 MP: 4/4
  2560 | D:3      | Reached skill level 5 in Fighting
  2560 | D:3      | Reached skill level 5 in Axes
  2565 | D:3      | Killed from afar by an orc wizard

Illustrated notes

Levels and vault maps discovered:
D:1:      dpeg_arrival_more_subterranean_lakeside_camping, layout_basic,
          grunt_decor_cap
D:2:      layout_loops_ring
D:3:      layout_loops_ring, lemuel_coloured_pillars_altar
D:4:      layout_basic, kennysheep_generic_room_15, uniq_ijyb

Skill      XL: |  1  2  3  4  5 |
---------------+----------------+-----
Fighting       | 4 5 |  5.0
Axes           | 4 5 |  5.0
Armour         | 3 4 |  4.1
Dodging        | 3 |  3.7

Action                   |  1- 3 |  4- 6 || total
-------------------------+-------+-------++-------
Melee: Hand axe          |    11 |     3 ||    14
       Headbutt          |    13 |    13 ||    26
       Dagger            |    59 |    30 ||    89
Armor: Animal skin       |    24 |     1 ||    25
       Chain mail        |       |    25 ||    25
Dodge: Dodged            |    52 |    20 ||    72

Table legend: (Time is in decaauts)
 A = Elapsed time spent in this place.
 B = Non-inter-level travel time spent in this place.
 C = Inter-level travel time spent in this place.
 D = Time resting spent in this place.
 E = Time spent auto-exploring this place.
 F = Levels seen in this place.
 G = Mean time per level.
                   A        B        C        D        E       F      G
               +--------+--------+--------+--------+--------+-----+--------+
         Total |   2569 |   2463 |    106 |    310 |   1796 |   4 |  642.2 |
       Dungeon |   2569 |   2463 |    106 |    310 |   1796 |   4 |  642.2 |
               +--------+--------+--------+--------+--------+-----+--------+

Top non-repeatable levels by time:
     D:3: 961 daAuts
     D:2: 860 daAuts
     D:1: 719 daAuts
     D:4: 28 daAuts
